 Dungeon Crawl Stone Soup version 0.30-a0-21-g5d08c37080 (webtiles) character file.

Game seed: 4870822822825963032

128 Plasmagod the Slasher (level 5, -5/41 HPs)
             Began as a Barachi Fighter on Aug 24, 2022.
             Killed by nerve-wracking pain
             ... invoked by an orc priest
              (14 damage)
             ... on level 3 of the Dungeon.
             The game lasted 00:05:05 (3379 turns).

Plasmagod the Slasher (Barachi Fighter)             Turns: 3379, Time: 00:05:06

Health: -5/41      AC: 11    Str: 18    XL:     5   Next: 11%
Magic:  5/5        EV:  9    Int:  6    God:
Gold:   115        SH:  4    Dex: 13    Spells: 4/4 levels left

rFire   . . .      SeeInvis .    a - +0 long sword
rCold   + . .      Faith    .    c - +0 buckler
rNeg    . . .      Spirit   .    k - +5 scale mail of Discretion {rPois rC+ Int-2 Stlth+}
rPois   +          Reflect  .    (no helmet)
rElec   .          Harm     .    (no cloak)
rCorr   .          Rampage  .    (no gloves)
Will    .....                    (no boots)
Stlth   +.........               (no amulet)
HPRegen 0.13/turn                (no ring)
MPRegen 0.09/turn                (no ring)

@: slow
A: amphibious, slowness 1, strong legs 1, +LOS
a: Hop


You were on level 3 of the Dungeon.
You visited 1 branch of the dungeon, and saw 3 of its levels.

You collected 115 gold pieces.

Inventory:

Hand Weapons
 a - a +0 long sword (weapon)
Armour
 c - a +0 buckler (worn)
 k - the +5 scale mail of Discretion (worn) {rPois rC+ Int-2 Stlth+}
   (You found it on level 2 of the Dungeon)

   Int:       It affects your intelligence (-2).
   rC:        It protects you from cold.
   rPois:     It protects you from poison.
   Stlth:     It makes you more stealthy.
Scrolls
 b - a scroll of immolation {unknown}
 e - 3 scrolls of identify {unknown}
 f - a scroll of blinking {unknown}
 h - a scroll of teleportation {unknown}
Potions
 d - a potion of might
 g - 4 potions of curing {unknown}
 i - 2 potions of degeneration {unknown}
 j - a potion of heal wounds {unknown}
 l - a potion of flight {unknown}


   Skills:
 - Level 3.6 Fighting
 + Level 6.2 Long Blades
 - Level 3.6 Armour
 - Level 3.2 Shields


You had 4 spell levels left.
You didn't know any spells.
Your spell library was empty.

Dungeon Overview and Level Annotations

Branches:
Dungeon (3/15)

Altars:
Yredelemnul

Shops:
D:2 [[([


Innate Abilities, Weirdness & Mutations

You are amphibious.
You cover ground slowly.
You can hop short distances.
You have an extended range of vision and can be seen from far away.


Message History

The orc hits you but does no damage.
You barely miss the orc priest.
The orc priest hits you but does no damage.
The orc hits you from afar with a +0 trident.
You barely miss the orc priest.
The orc priest hits you with a +0 hand axe.
The orc completely misses you. You block the orc priest's attack.
The orc hits you but does no damage.
You barely miss the orc priest.
The orc priest hits you but does no damage.
The orc hits you but does no damage.
You barely miss the orc priest. The orc priest completely misses you.
The orc hits you but does no damage.
You hit the orc priest.
The orc priest is heavily wounded.
The orc priest hits you with a +0 hand axe.
* * * LOW HITPOINT WARNING * * *
The orc hits you but does no damage.
You barely miss the orc priest.
The orc priest is heavily wounded.
An endoplasm comes into view.
The orc priest hits you but does no damage.
The orc hits you from afar with a +0 trident.
* * * LOW HITPOINT WARNING * * *
You barely miss the orc priest.
The orc priest is heavily wounded.
The endoplasm quivers.
You block the orc priest's attack. The orc hits you but does no damage.
You hit the orc priest but do no damage.
The orc priest is heavily wounded.
The orc closely misses you. The orc priest barely misses you.
You slash the orc priest!
The orc priest is almost dead.
The orc priest miscasts a cantrip.
The orc barely misses you.
You barely miss the orc priest.
The orc priest is almost dead.
The orc priest mumbles some strange prayers to Beogh against you.
Pain shoots through your body!
You die...

# .. ###### #.###### #....#
.......o #......# #....#
........
#..#.#.##....##########.......
#..<.#.......o@....J........o
#....####...o#########....o#
#.#....# #........o.o.......#
#.#....# #....####..#.#.....#
#.#....# ####.#.....#.#.....#
#.#....# ..#.##.##.#.....#
#.#....##.# #.....#....#.....#
#.#.......# #.##..#....#.....#
#.##.####.# #. #..#.##.#.....#


You could see an orc priest, an orc and an endoplasm.

Vanquished Creatures
  An orc priest (D:3)
  An adder (D:2)
  2 worms
  2 dart slugs
  An orc (D:3)
  10 endoplasms
  10 goblins
  6 hobgoblins
  10 jackals (D:1)
  4 quokkas
  9 ball pythons
  5 bats
  3 frilled lizards
  3 kobolds
  5 rats
72 creatures vanquished.

Notes
Turn   | Place    | Note
-------+----------+-------------------------------------------
     0 | D:1      | Plasmagod the Barachi Fighter began the quest for the Orb.
     0 | D:1      | Reached XP level 1. HP: 18/18 MP: 1/1
   198 | D:1      | You fall into a shaft and drop 1 floor!
   200 | D:2      | Found Ecousumo's Antique Weapon Boutique.
   259 | D:1      | Reached skill level 3 in Long Blades
   302 | D:1      | Reached XP level 2. HP: 20/24 MP: 2/2
   905 | D:1      | Reached skill level 4 in Long Blades
   925 | D:1      | Reached XP level 3. HP: 15/29 MP: 3/3
  2086 | D:2      | Found Jawnalax's Armour Boutique.
  2143 | D:2      | Found a basalt altar of Yredelemnul.
  2230 | D:2      | Found Itumnemp's Antique Armour Boutique.
  2318 | D:2      | Reached skill level 5 in Long Blades
  2421 | D:2      | Found Enirar's Armour Shop.
  2453 | D:2      | Reached XP level 4. HP: 20/36 MP: 4/4
  2900 | D:2      | Identified the +5 scale mail of Discretion {rPois rC+ Int-2
                  | Stlth+}
  3193 | D:2      | Found a faded altar of an unknown god.
  3368 | D:3      | Reached skill level 6 in Long Blades
  3368 | D:3      | Reached XP level 5. HP: 26/41 MP: 5/5
  3379 | D:3      | Killed from afar by an orc priest

Illustrated notes

Levels and vault maps discovered:
D:1:      heliophobic_arrival_ceremonial_halls, layout_loops_corners,
          wander_ebering_terrifying_dragon_lair
D:2:      minmay_razor_zed, layout_loops_corners,
          shapermc_ecumenical_altar_petra, basic_altar, serial_shops,
          nicolae_shop_statue_plus, nicolae_shop_waterfront, shop,
          nicolae_shop_trees, minivault_19
D:3:      layout_basic, grunt_temple_overflow_open, vehumet_statue

Skill      XL: |  1  2  3  4 |
---------------+-------------+-----
Long Blades    | 3 4 5 6 |  6.2
Fighting       | |  3.6
Armour         | |  3.6
Shields        | |  3.2

Action                   |  1- 3 |  4- 6 || total
-------------------------+-------+-------++-------
Melee: Long sword        |   150 |    91 ||   241
 Abil: Hop               |     1 |       ||     1
Armor: Scale mail        |    58 |    58 ||   116
Dodge: Dodged            |    73 |    40 ||   113
Block: Buckler           |    32 |    14 ||    46

Table legend: (Time is in decaauts)
 A = Elapsed time spent in this place.
 B = Non-inter-level travel time spent in this place.
 C = Inter-level travel time spent in this place.
 D = Time resting spent in this place.
 E = Time spent auto-exploring this place.
 F = Levels seen in this place.
 G = Mean time per level.
                   A        B        C        D        E       F      G
               +--------+--------+--------+--------+--------+-----+--------+
         Total |   3792 |   3652 |    140 |      0 |   3103 |   3 | 1264.0 |
       Dungeon |   3792 |   3652 |    140 |      0 |   3103 |   3 | 1264.0 |
               +--------+--------+--------+--------+--------+-----+--------+

Top non-repeatable levels by time:
     D:1: 1989 daAuts
     D:2: 1661 daAuts
     D:3: 141 daAuts
